 Dungeon Crawl Stone Soup version 0.17-a0-1450-g7e755d1 (webtiles) character file.

185 Lokkij the Gusty (level 5, 28/28 HPs)
             Began as a Tengu Air Elementalist on June 30, 2015.
             Quit the game on level 3 of the Dungeon on Apr 22, 2016.
             The game lasted 00:12:33 (2586 turns).

Lokkij the Gusty (Tengu Air Elementalist)           Turns: 2586, Time: 00:12:33

Health: 28/28      AC:  3    Str:  8    XL:     5   Next: 64%
Magic:  12/12      EV: 12    Int: 17    God:
Gold:   188        SH:  0    Dex: 14    Spells: 4 memorised, 2 levels left

rFire  . . .     SeeInvis .     h - +0 dagger
rCold  . . .     Clarity  .     a - +0 robe
rNeg   . . .     SustAt   .     (no shield)
rPois  .         Gourm    .     (helmet restricted)
rElec  .         Spirit   .     (no cloak)
rCorr  .         Warding  .     v - +0 pair of gloves
rMut   .         Stasis   .     (boots unavailable)
MR     .....                    (no amulet)
Stlth  ++........               (no ring)
                                j - ring of wizardry

@: repel missiles, not resistant to hostile enchantments, unstealthy
A: beak, talons 3, able to fly 1
a: Fly


You were on level 3 of the Dungeon.
You were not hungry.

You visited 1 branch of the dungeon, and saw 3 of its levels.

You collected 188 gold pieces.

Inventory:

Hand weapons
 h - a +0 dagger (weapon)
Armour
 a - a +0 robe (worn)
 v - a +0 pair of gloves (worn)
Jewellery
 j - a ring of wizardry (left hand)
Magical devices
 r - a wand of magic darts (26)
Scrolls
 f - 4 scrolls of teleportation {unknown}
 g - a scroll of fear {unknown}
 k - 3 scrolls of remove curse {unknown}
 l - 2 scrolls of noise {unknown}
 o - 7 scrolls of identify {unknown}
 s - a scroll of fog {unknown}
 u - a scroll of immolation {unknown}
Potions
 d - 2 potions of might {unknown}
 e - a potion of lignification {unknown}
 m - 2 potions of mutation {unknown}
 n - a potion of cure mutation {unknown}
 t - a potion of flight {unknown}
Books
 b - a book of Air

   Spells                             Type                      Level
   a - Shock                          Conjuration/Air              1
   b - Swiftness                      Charms/Air                   2
   c - Repel Missiles                 Charms/Air                   2
   d - Static Discharge               Conjuration/Air              3
   e - Lightning Bolt                 Conjuration/Air              5
Comestibles
 c - 2 bread rations
 i - 2 beef jerkies
 p - 6 fruits
 q - a meat ration


   Skills:
 - Level 2.1 Dodging
 - Level 2.0 Stealth
 * Level 4.0 Spellcasting
 + Level 3.3 Conjurations
 + Level 5.3 Air Magic


You had 2 spell levels left.
You knew the following spells:

 Your Spells              Type           Power        Failure   Level  Hunger
a - Shock                 Conj/Air       ###.         1%          1    None
b - Swiftness             Chrm/Air       ##......     4%          2    ##.....
c - Lightning Bolt        Conj/Air       ###.......   47%         5    ######.
z - Repel Missiles        Chrm/Air       ##....       4%          2    ##.....


Dungeon Overview and Level Annotations

Branches:
Dungeon (3/15)

Altars:


Innate Abilities, Weirdness & Mutations

You have a beak for a mouth.
You have claws for feet.
You can fly.


Message History

Removed exclusion.
You butcher the bat corpse.
w - a chunk of flesh You see here a bat skeleton.
Eat a chunk of flesh? (ye/n/q/i?) This raw flesh tastes terrible.
You continue eating. x2
You start resting.
HP restored.
Found a stone staircase leading down.
Welcome back, Lokkij the Tengu Air Elementalist.
Press ? for a list of commands and other information.
Firing (i - inventory): No suitable missiles.
Press: ? - help, Shift-Dir - straight line, f - you
Okay, then.
Drink which item? (? for menu, Esc to quit)
Okay, then.
Quiver which item? (- for none, * to show all) (? for menu, Esc to quit)
Okay, then.
Are you sure you want to abandon this character and quit the game? (Confirm with "yes".)

#.#..##.##
##>......#
##.#.##.# #..## .#
# #.## # ## #.# #.
#.# #. #.# #. #@#
########. #.#
......... #.#
###########. #.#
##...........
#.####)#.#########
#......##..
#..###รท# .## #..#
#..#.# ##.# #.##.#


There were no monsters in sight!

Vanquished Creatures
  2 orc priests (D:3)
  6 adders
  An ooze (D:1)
  A worm (D:2)
  2 giant geckos (D:1)
  7 orcs (D:3)
  3 giant cockroaches
  6 goblins
  5 hobgoblins
  2 ball pythons (D:3)
  6 bats
  3 giant newts
  4 jackals (D:2)
  7 kobolds
  8 rats
63 creatures vanquished.

Notes
Turn   | Place    | Note
--------------------------------------------------------------
     0 | D:1      | Lokkij the Tengu Air Elementalist began the quest for the Orb.
     0 | D:1      | Reached XP level 1. HP: 10/10 MP: 4/4
   190 | D:1      | Reached XP level 2. HP: 15/15 MP: 6/6
   231 | D:1      | Learned a level 2 spell: Repel Missiles
   257 | D:1      | Learned a level 2 spell: Swiftness
   827 | D:2      | Reached XP level 3. HP: 15/19 MP: 1/8
  1335 | D:2      | Reached XP level 4. HP: 24/24 MP: 6/9
  1612 | D:2      | Reached skill level 5 in Air Magic
  1985 | D:3      | Gained mutation: You can fly. [Tengu growth]
  1985 | D:3      | Reached XP level 5. HP: 15/28 MP: 5/11
  2316 | D:3      | Learned a level 5 spell: Lightning Bolt
  2586 | D:3      | Quit the game

Vault maps used:
D:1:      matt_arrival_diagonals
D:3:      nicolae_ru_path_of_blood, st_stairs_11, minivault_24,
          columned_hall_lemuel, hex_tiny

Action                   |  1- 3 |  4- 6 || total
-------------------------+-------+-------++-------
Melee: Dagger            |    20 |    35 ||    55
 Cast: Shock             |    44 |    45 ||    89
       Repel Missiles    |     1 |       ||     1
 Stab: Sleeping          |     2 |     2 ||     4
  Eat: Chunk             |     2 |     4 ||     6
